[Event "*** Titled Tuesday Blitz"]
[Site "Chess.com"]
[Date "2020.04.28"]
[Round "1"]
[White "Pechen_Yeltsina"]
[Black "grunbergmihai"]
[Result "1-0"]
[WhiteElo "2763"]
[BlackElo "2408"]
[TimeControl "180+1"]
[EndTime "10:07:54 PDT"]
[Termination "Pechen_Yeltsina won by resignation"]

1. e4 Nf6 2. e5 Nd5 3. d4 d6 4. c4 Nb6 5. exd6 cxd6 6. Nc3 g6 7. Nf3 Bg7 8. h3 O-O 9. Be3 Nc6 10. Be2 Bf5 11. O-O d5 12. b3 dxc4 13. bxc4 Na5 14. c5 Nbc4 15. Bf4 b6 16. Qa4 Bd7 17. Qb4 bxc5 18. dxc5 e5 19. Bg5 Qb8 20. a3 Be6 21. Rac1 Nc6 22. Qa4 N6a5 23. Ne4 h6 24. Bf6 Qb3 25.
Qxb3 Nxb3 26. Rxc4 Bxc4 27. Bxc4 Nd4 28. Nxe5 Rae8 29.
f4 Nf5 30. Re1 Rc8 31. c6 Bxf6 32. Nxf6+ Kg7 33. Nd5 Rfe8 34. c7 f6 35. Nf3 Rxe1+ 36.
Nxe1 Nd6 37. Ba6 Re8 38. Nd3 Kf7 39. Nc5 Re1+ 40. Kf2 Rc1 41. Nd3 Rc2+ 42. Kf3 Ke6 43. N3b4 Rc1 44. g4 f5 45. gxf5+ gxf5 46. Kg3 Kd7 47.
Kh4 Rc5 48. Kh5 Nc8 49. Kg6 Nb6 50. Nxb6+ Kxc7 51. N6d5+ Kd6 52. Kxh6 Rc3 53. Nxc3 1-0

[Event "*** Titled Tuesday Blitz"]
[Site "Chess.com"]
[Date "2020.04.28"]
[Round "1"]
[White "Rodalquilar"]
[Black "indfraeng"]
[Result "1-0"]
[WhiteElo "2606"]
[BlackElo "2282"]
[TimeControl "180+1"]
[EndTime "10:07:54 PDT"]
[Termination "Rodalquilar won by checkmate"]

1. d4 d5 2. c4 c6 3. cxd5 cxd5 4. Bf4 Nc6 5. e3 Nf6 6. Nc3 Bf5 7. Qb3 Na5 8. Qa4+ Bd7 9. Qc2 Rc8 10. Bd3 e6 11. Qe2 Bb4 12. Rc1 O-O 13. Nf3 Nc4 14. O-O Qa5 15.
Ne5 Nxb2 16. Qxb2 Bxc3 17. Qxb7 Rb8 18. Qa6 Bb5 19. Bxb5 Rxb5 20. Qxa5 Bxa5 21. Nc6 Bb6 22. a4 Rb2 23. a5 Bd8 24. Bd6 Re8 25. Bc5 a6 26.
Rb1 Rxb1 27. Rxb1 Nd7 28. Rb7 Nxc5 29. dxc5 Bf6 30. Na7 d4 31. c6 Bd8 32. c7 Bxc7 33. Rxc7 d3 34. Rd7 Ra8 35. Rxd3 f5 36. Nc6 Rc8 37.
Rd8+ Rxd8 38. Nxd8 Kf8 39. Nxe6+ Ke7 40. Nxg7 Kd6 41. Nxf5+ Kc5 42. e4 Kb5 43. e5 Kxa5 44. e6 Kb4 45. e7 a5 46. e8=Q a4 47. Qe5 a3 48. Qd4+ Kb3 49. Ne3 a2 50. Qc4+ Kb2 51. Qc2+ Ka3 52. Qc3+ Ka4 53. Qb2 a1=Q+ 54. Qxa1+ Kb3 55.
Qc1 Kb4 56. f4 Kb5 57. f5 Kb6 58. f6 Kb7 59. f7 Kb6 60. f8=Q Kb5 61. Qb8+ Ka4 62.
Qa1# 1-0

[Event "*** Titled Tuesday Blitz"]
[Site "Chess.com"]
[Date "2020.04.28"]
[Round "1"]
[White "warmoatmeal"]
[Black "Fh2411"]
[Result "0-1"]
[WhiteElo "1954"]
[BlackElo "2480"]
[TimeControl "180+1"]
[EndTime "10:07:54 PDT"]
[Termination "Fh2411 won on time"]

1. d4 d5 2. Bf4 c5 3. e3 Nc6 4. c3 cxd4 5. exd4 Nf6 6. Nf3 Bg4 7. Nbd2 e6 8. h3 Bh5 9. Be2 Be7 10. O-O O-O 11. Qb3 Na5 12. Qa4 a6 13. Rfe1 b5 14. Qc2 Nc4 15. Ne5 Bg6 16. Nxg6 hxg6 17. a4 Qb6 18. b4 Nxd2 19. Bxd2 Rfc8 20. Qb3 Ne4 21. Red1 Nd6 22. axb5 axb5 23. Be1 Bf6 24. Qb2 Rxa1 25. Rxa1 Nc4 26. Bxc4 dxc4 27. Bd2 Qc6 28. Be3 Rd8 29. Qe2 e5 30. dxe5 Bxe5 31. Bd2 Bf6 32. Be1 Rd3 33. Rc1 Qd7 34. Qe4 Rd5 35. Kh2 Qd6+ 36. g3 Re5 37.
Qa8+ Kh7 38. Qf3 Rf5 39. Qg2 Qd3 40. g4 Rf3 41. g5 Be5+ 42. Kh1 Rxh3+ 43. Kg1 Bh2+ 44.
Kh1 Bf4+ 45. Kg1 Bxc1 0-1

[Event "*** Titled Tuesday Blitz"]
[Site "Chess.com"]
[Date "2020.04.28"]
[Round "1"]
[White "TargetA"]
[Black "AryanTari"]
[Result "0-1"]
[WhiteElo "2453"]
[BlackElo "2904"]
[TimeControl "180+1"]
[EndTime "10:07:55 PDT"]
[Termination "AryanTari won by resignation"]

1. e4 c6 2. d4 d5 3. Nc3 dxe4 4. Nxe4 Bf5 5. Ng3 Bg6 6. Nf3 e6 7. Ne5 Nd7 8. Nxg6 hxg6 9. Bf4 Ngf6 10. Qf3 Qa5+ 11.
Bd2 Bb4 12. c3 Be7 13. Bd3 O-O 14. h4 Qd5 15. Qe2 e5 16. h5 exd4 17. hxg6 Ne5 18.
Nf5 Rae8 19. O-O-O fxg6 20. Nxd4 Nxd3+ 21. Qxd3 c5 22.
Qxg6 cxd4 23. Bg5 Qe4 24. Qxe4 Nxe4 25. Bxe7 Rxe7 26. Rhe1 Rfe8 27. f3 Ng3 28. Rxe7 Rxe7 29. cxd4 Re2 30. Rd2 Rxd2 31. Kxd2 Kf7 32. Ke3 Ke6 33. Kf4 Nf5 34. d5+ Kf6 35. g4 g5+ 36. Ke4 Nd6+ 37. Kd4 b6 38. a4 a5 39. b3 Kf7 40. Ke5 Ke7 41. f4 gxf4 42. Kxf4 Nb7 43. Ke5 Nc5 44. d6+ Kd7 45. g5 Nd3+ 46. Kd5 Nf4+ 47. Ke5 Ng6+ 48. Kf6 Nh4 49. Ke5 Nf3+ 50. Kf5 Kxd6 51. g6 Nh4+ 52. Kf6 Nxg6 53. Kxg6 Kc5 54. Kf5 Kb4 55. Ke5 Kxb3 56. Kd5 Kxa4 57. Kc6 b5 0-1

[Event "*** Titled Tuesday Blitz"]
[Site "Chess.com"]
[Date "2020.04.28"]
[Round "1"]
[White "jlandaw"]
[Black "VitaliyBernadskiy"]
[Result "1-0"]
[WhiteElo "2396"]
[BlackElo "2699"]
[TimeControl "180+1"]
[EndTime "10:07:55 PDT"]
[Termination "jlandaw won by resignation"]

1. e4 c5 2. Nc3 Nc6 3. g3 g6 4.
Bg2 Bg7 5. d3 e6 6. Be3 Nd4 7.
Nce2 Ne7 8. c3 Nxe2 9. Nxe2 d6 10. O-O O-O 11. Qd2 b6 12. d4 Ba6 13. Rfe1 Rc8 14. Rac1 Qd7 15. dxc5 bxc5 16. Red1 Rfd8 17. Bf4 d5 18. exd5 exd5 19. Bg5 h6 20. Bxe7 Qxe7 21. Nf4 d4 22. Nd5 Qd6 23. c4 Re8 24. b3 Kh7 25. Re1 Rcd8 26. Qa5 Bc8 27. Qxa7 Be6 28. Qc7 d3 29. Qxd6 Rxd6 30. Rcd1 Bg4 31. f3 Rxe1+ 32. Rxe1 Bd4+ 33. Kf1 d2 34. Rd1 Be6 35. Rxd2 Bxd5 36.
cxd5 Rxd5 37. f4 Rd6 38. Be4 Rb6 39. Bd3 Kg7 40. Bc4 Rb8 41. Re2 Kf6 42. Kg2 Ra8 43. Kf3 Rb8 44. h3 h5 45. g4 hxg4+ 46. hxg4 g5 47.
fxg5+ Kxg5 48. a4 f5 49. gxf5 Kxf5 50. a5 Be5 51. a6 Bc7 52. Bd5 Bb6 53. Re6 Ba7 54.
Re7 Rd8 55. Be4+ 1-0

[Event "*** Titled Tuesday Blitz"]
[Site "Chess.com"]
[Date "2020.04.28"]
[Round "1"]
[White "Kotofeyca"]
[Black "hedgehog280"]
[Result "1-0"]
[WhiteElo "2398"]
[BlackElo "2692"]
[TimeControl "180+1"]
[EndTime "10:07:55 PDT"]
[Termination "Kotofeyca won by checkmate"]

1. d4 Nf6 2. c4 g6 3. f3 Bg7 4. e4 d6 5. Nc3 O-O 6. Be3 a6 7. Qd2 Nbd7 8. Nh3 c6 9. Be2 b5 10. b3 Rb8 11. O-O Qc7 12. Nf2 Nb6 13. Rab1 b4 14. Ncd1 Nfd7 15. a3 bxa3 16. Ra1 c5 17.
Rxa3 Rd8 18. Nc3 e6 19. d5 exd5 20. exd5 Re8 21. Nfd1 Nf6 22. Bd3 Nbd7 23. Bc2 Ne5 24. Re1 h5 25. Nf2 h4 26. h3 Bb7 27. Bg5 Nh5 28.
Bxh4 Bh6 29. Qxh6 Nxf3+ 30. gxf3 Rxe1+ 31. Kg2 Rbe8 32. Nce4 f5 33. Qxg6+ Qg7 34. Qxg7+ Kxg7 35. Nxd6 R8e2 36. Bxf5 Nf4+ 37. Kg3 Nh5+ 38. Kg4 Nf6+ 39. Bxf6+ Kxf6 40. Nfe4+ Ke5 41. Nxb7 Rg2+ 42. Ng3 Reg1 43. Kh4 Rxg3 44. Bg4 R3g2 45. Nxc5 Rh1 46. Rxa6 Rd2 47.
Ne4 Rd3 48. Re6+ Kd4 49. d6 Rxb3 50. d7 Kxc4 51. d8=Q Rb7 52. Qc8+ Kd5 53. Qxb7+ Kd4 54. Qb6+ Kd3 55. Rd6+ Ke2 56. Qf2# 1-0

[Event "*** Titled Tuesday Blitz"]
[Site "Chess.com"]
[Date "2020.04.28"]
[Round "1"]
[White "mirceaparligras"]
[Black "Terao90"]
[Result "1-0"]
[WhiteElo "2669"]
[BlackElo "2339"]
[TimeControl "180+1"]
[EndTime "10:07:55 PDT"]
[Termination "mirceaparligras won on time"]

1. d4 Nf6 2. c4 e6 3. Nf3 b6 4. Bf4 Bb7 5. e3 Bb4+ 6. Nfd2 O-O 7. a3 Be7 8. Nc3 d5 9. Nf3 c5 10. cxd5 Nxd5 11. Nxd5 Bxd5 12. dxc5 Bxc5 13. Be2 Nd7 14. O-O Nf6 15. Ne5 Qe7 16. Bf3 Rfd8 17. Bxd5 Rxd5 18. Qf3 Bd6 19. Nc6 Qb7 20. Nb4 Bxb4 21. axb4 Rad8 22. h3 R5d7 23. Be5 Qxf3 24. gxf3 Nd5 25. b5 f6 26. Bc3 Nxc3 27. bxc3 Rc8 28. Ra3 Rc5 29. Rb1 Rdc7 30. Rbb3 Kf7 31. f4 Kg6 32. Kg2 Rc4 33. Kf3 Kf5 34. Ke2 e5 35. fxe5 Kxe5 36. Kd3 R4c5 37. f4+ Ke6 38. Ra4 Rd7+ 39. Rd4 Rcc7 40. Ra3 f5 41. c4 g6 42. h4 Kf6 43. Ra1 Ke6 44.
h5 Kf6 45. hxg6 hxg6 46. Rh1 Rh7 47. Rd6+ Ke7 48. Rxh7+ Kxd6 49. Rh8 Kc5 50. Kc3 Rg7 51. Rd8 1-0

[Event "*** Titled Tuesday Blitz"]
[Site "Chess.com"]
[Date "2020.04.28"]
[Round "1"]
[White "silverback96"]
[Black "Uzbektiger1963"]
[Result "0-1"]
[WhiteElo "2108"]
[BlackElo "2507"]
[TimeControl "180+1"]
[EndTime "10:07:55 PDT"]
[Termination "Uzbektiger1963 won on time"]

1. d4 Nf6 2. c4 g6 3. g3 Bg7 4.
Bg2 O-O 5. Nc3 d6 6. Nf3 Nc6 7.
Bf4 a6 8. Rc1 Rb8 9. d5 Na5 10. b3 c5 11. dxc6 Nxc6 12. c5 e5 13. Bg5 dxc5 14. Qxd8 Rxd8 15. Nd2 Bd7 16. Nde4 Nxe4 17.
Nxe4 Rdc8 18. Nxc5 Be8 19. Ne4 h6 20. Nf6+ Kf8 21.
Nxe8 Kxe8 22. Be3 Nd4 23. Rxc8+ Rxc8 24. Bxb7 Rc2 25. Bxa6 Rxa2 26. Bxd4 Rxa6 27. Bc3 Ra3 28. Kd2 Rxb3 29. Ra1 Rb7 30. Ra5 f6 31. Ra6 Kf7 32.
f4 exf4 33. gxf4 Rd7+ 34. Ke3 f5 35. Bxg7 Kxg7 36. h4 h5 37. Ra4 Rd1 38. Ra7+ Kh6 39.
Re7 Rh1 40. Kd4 Rxh4 41. Ke5 Rh1 42. Kf6 Ra1 43. e3 Ra6+ 44. Kf7 Ra8 0-1

[Event "*** Titled Tuesday Blitz"]
[Site "Chess.com"]
[Date "2020.04.28"]
[Round "1"]
[White "AlexTriapishko"]
[Black "fugadelafuga"]
[Result "1-0"]
[WhiteElo "2747"]
[BlackElo "2394"]
[TimeControl "180+1"]
[EndTime "10:07:56 PDT"]
[Termination "AlexTriapishko won by resignation"]

1. e4 c5 2. Nf3 Nc6 3. Nc3 g6 4. d4 cxd4 5. Nxd4 Bg7 6. Be3 Nf6 7. Be2 O-O 8. Nb3 d6 9. f4 a6 10. g4 b5 11. g5 Nd7 12. a3 Nb6 13. h4 Nc4 14. Bxc4 bxc4 15. Nd4 Bd7 16. Qd2 Rb8 17. Rb1 Nxd4 18. Bxd4 Bxd4 19. Qxd4 Qb6 20. Qxb6 Rxb6 21.
Nd5 Rb7 22. Nxe7+ Kh8 23. f5 Rfb8 24. f6 Rxb2 25. Rxb2 Rxb2 26. Kd2 h5 27. Kc3 Ra2 28. Rb1 Rxa3+ 29. Kxc4 Be6+ 30. Kd4 Ra4+ 31. Kd3 a5 32. Nc6 d5 33. Nd4 dxe4+ 34. Kxe4 Bc4 35. Rb8+ Kh7 36.
Ra8 Ra1 37. Nc6 Rh1 38. Nxa5 Rxh4+ 39. Ke5 Be6 40. Nb7 Rg4 41. Nd8 Rxg5+ 42. Kd6 Rd5+ 43. Ke7 Rd7+ 44. Ke8 h4 45. Nxe6 Rd2 46. Kxf7 h3 47. Ng5+ Kh6 48. Nxh3 Kh5 49. Rh8+ Kg4 50. Kxg6 Rxc2 51.
f7 1-0

[Event "*** Titled Tuesday Blitz"]
[Site "Chess.com"]
[Date "2020.04.28"]
[Round "1"]
[White "davidkalashian"]
[Black "Chuchofrio1"]
[Result "1-0"]
[WhiteElo "2543"]
[BlackElo "2201"]
[TimeControl "180+1"]
[EndTime "10:07:56 PDT"]
[Termination "davidkalashian won by resignation"]

1. d4 f5 2. Bg5 h6 3. Bh4 g5 4. Bg3 Nf6 5. e3 d6 6. c4 Nc6 7.
Nc3 Bg7 8. Bd3 e5 9. d5 Nb8 10. f3 a5 11. Qc2 Qd7 12. h4 Na6 13. hxg5 hxg5 14. Rxh8+ Bxh8 15. O-O-O Nb4 16. Qe2 Nxd3+ 17. Qxd3 Qe7 18. Nh3 Nh5 19. Bf2 Bd7 20. Qd2 Bf6 21.
e4 f4 22. Rh1 Qf7 23. Ng1 Ke7 24. Nge2 Rh8 25. c5 g4 26. Nd1 a4 27. Qa5 g3 28. Be1 Rc8 29. Kb1 Ng7 30. Qb4 b6 31. cxb6 cxb6 32. Qxb6 Qe8 33. Ndc3 Rb8 34. Qa5 Qc8 35.
Bd2 Ra8 36. Qb4 a3 37. Rc1 axb2 38. Rc2 Rb8 39. Qa5 Ra8 40. Qb6 Rb8 41. Qg1 Qb7 42. Qh1 Qb6 43. Qg1 Qxg1+ 44. Nxg1 Ne8 45. Rxb2 Rxb2+ 46. Kxb2 Kd8 47. Kb3 Kc8 48. Nge2 Bd8 49. Kb4 Kb7 50. Nb5 Bxb5 51. Kxb5 Bb6 52. a4 Nc7+ 53. Kc4 Ka6 54. Nc3 Bc5 55. Nb5 Nxb5 56. axb5+ Kb6 57. Bb4 Bxb4 58. Kxb4 Kb7 59. Ka5 Ka7 60.
b6+ Kb7 61. Kb5 1-0

[Event "*** Titled Tuesday Blitz"]
[Site "Chess.com"]
[Date "2020.04.28"]
[Round "1"]
[White "1977Ivan"]
[Black "realmadridtv"]
[Result "1/2-1/2"]
[WhiteElo "2647"]
[BlackElo "2341"]
[TimeControl "180+1"]
[EndTime "10:07:57 PDT"]
[Termination "Game drawn - insufficient material"]

1. c4 Nf6 2. Nc3 e6 3. e4 d5 4.
cxd5 exd5 5. e5 Ne4 6. Nf3 Nc6 7.
Be2 Bf5 8. O-O d4 9. Nxe4 Bxe4 10.
Bc4 Bd5 11. Qb3 Bxc4 12. Qxc4 Qd7 13. d3 O-O-O 14. Bd2 Qd5 15. Rac1 Be7 16. Rfe1 Rhe8 17. b4 a6 18. Re4 f5 19. exf6 Qxc4 20. Rxc4 Bxf6 21. Rxe8 Rxe8 22. Kf1 Kd7 23. a3 h6 24. h3 g5 25. Rc5 Kd6 26. Rf5 Ke6 27. Rc5 Kd6 28. g4 Ne5 29. Nxe5 Rxe5 30. Rc4 Re6 31. f4 c6 32. Kf2 Kc7 33. Rc5 Kd6 34. Rf5 gxf4 35. Bxf4+ Be5 36. Rxe5 Rxe5 37. Kf3 Kd5 38. Bxe5 Kxe5 39. h4 b6 40. g5 hxg5 41. hxg5 Kf5 42.
g6 Kxg6 43. Ke4 Kf6 44. Kxd4 Kf5 45. Ke3 Ke5 46. d4+ Kd5 47. Kd3 b5 48. Ke3 Kc4 49. Ke4 Kb3 50. Ke5 Kxa3 51. Kd6 Kxb4 52. Kxc6 a5 53. d5 a4 54. d6 a3 55. d7 a2 56.
d8=Q a1=Q 57. Qe7+ Kc4 58. Qc5+ Kd3 59. Qf5+ Kd2 60. Qf2+ Kd3 61. Qf3+ Kd2 62. Qf4+ Kd3 63. Qf5+ Kd2 64. Qxb5 Qc3+ 65. Qc5 Qxc5+ 66. Kxc5 1/2-1/2

[Event "*** Titled Tuesday Blitz"]
[Site "Chess.com"]
[Date "2020.04.28"]
[Round "1"]
[White "talaicito"]
[Black "doons21"]
[Result "0-1"]
[WhiteElo "2303"]
[BlackElo "2622"]
[TimeControl "180+1"]
[EndTime "10:07:57 PDT"]
[Termination "doons21 won by resignation"]

1. d4 Nf6 2. Nc3 d5 3. Bf4 c6 4. e3 Qb6 5. Rb1 Bg4 6. f3 Bh5 7. g4 Bg6 8. h4 h6 9. h5 Bh7 10. Bd3 e6 11. Bxh7 Nxh7 12. Qd3 Qa6 13. Qxa6 Nxa6 14. a3 Kd7 15. Nge2 Bd6 16. Kf2 f6 17. Bxd6 Kxd6 18. b4 Nc7 19. e4 Ng5 20. Nf4 e5 21. dxe5+ fxe5 22. Ng6 Rhe8 23. exd5 Nxd5 24. Rbd1 Rad8 25.
Ne4+ Kc7 26. Nxg5 hxg5 27. h6 gxh6 28. Rxh6 Re6 29. c4 Nf6 30. Rxd8 Kxd8 31. Rh8+ Kc7 32. Nf8 Re8 33. Ng6 Rxh8 34. Nxh8 e4 35. Ng6 exf3 36.
Kxf3 Kd6 37. Nf8 Ke5 38. c5 Kd4 39. Ne6+ Kc3 40. Nxg5 Kb3 41. Ne4 Ng8 42. Nd6 Kxa3 43. Nxb7 Kxb4 44. Kf4 a5 45. Nd8 Kxc5 46. Ne6+ Kb4 47.
Nd4 c5 48. Nc2+ Kb3 49. Na1+ Kb2 50. g5 a4 51. Kf5 a3 52. Kg6 Ne7+ 53. Kf7 Nf5 54. g6 Kxa1 55. Kf6 Nd6 56. Ke6 Ne8 57. Ke7 Ng7 58. Kf6 Nh5+ 59. Kg5 Ng7 60. Kf6 Kb1 61.
Kxg7 a2 62. Kf7 a1=Q 63. g7 Qxg7+ 64. Kxg7 c4 65. Kf6 c3 66. Ke5 c2 67. Kd4 c1=Q 0-1

[Event "*** Titled Tuesday Blitz"]
[Site "Chess.com"]
[Date "2020.04.28"]
[Round "1"]
[White "AnkitGajwa"]
[Black "GeorgMeier"]
[Result "0-1"]
[WhiteElo "2465"]
[BlackElo "3020"]
[TimeControl "180+1"]
[EndTime "10:07:58 PDT"]
[Termination "GeorgMeier won by resignation"]

1. e4 e6 2. d4 d5 3. Nc3 dxe4 4. Nxe4 Nd7 5. Nf3 Ngf6 6. Bg5 h6 7. Bh4 Be7 8. Nxf6+ Bxf6 9. Bg3 O-O 10. Bd3 c5 11. c3 cxd4 12. Nxd4 Bxd4 13. cxd4 Qa5+ 14. Qd2 Qxd2+ 15. Kxd2 Nb6 16. Rhc1 Rd8 17. Be4 Rxd4+ 18. Ke3 Rb4 19. b3 Nd5+ 20. Bxd5 exd5 21. Rc7 a5 22. f3 a4 23. Bd6 Rb6 24. Bc5 Re6+ 25. Kd2 axb3 26. a3 b6 27. Bd4 Ba6 28. Re1 Rae8 29. Rxe6 Rxe6 30. Kc3 Bc4 31. h4 b5 32. Rc8+ Kh7 33. Rc7 Kg6 34. g4 h5 35. gxh5+ Kxh5 36. Rxf7 Re2 37. Rxg7 b2 38. Rg1 Ba2 39. Kd3 Rh2 40.
Bxb2 Rxb2 41. Kc3 Rb3+ 42. Kd4 Rxf3 43. Rg2 Bc4 44. Ke5 Rxa3 45. Rg8 Kxh4 46. Kf4 Kh3 47. Rh8+ Kg2 48. Rg8+ Kf2 0-1

[Event "*** Titled Tuesday Blitz"]
[Site "Chess.com"]
[Date "2020.04.28"]
[Round "1"]
[White "KNVB"]
[Black "LogoCzar"]
[Result "1-0"]
[WhiteElo "2720"]
[BlackElo "2382"]
[TimeControl "180+1"]
[EndTime "10:07:58 PDT"]
[Termination "KNVB won by resignation"]

1. d4 d5 2. Bf4 c5 3. e3 Nc6 4. c3 Nf6 5. Nd2 Bf5 6. Qb3 Qc8 7. dxc5 e5 8. Bg5 Be6 9. Bxf6 gxf6 10. Qa4 Bxc5 11.
Ngf3 a6 12. Be2 b5 13. Qh4 Be7 14. O-O f5 15. Qh5 Qd8 16. Rfd1 O-O 17. e4 fxe4 18. Nxe4 f6 19. Bd3 Rf7 20. Ng3 Bf8 21. Bf5 Qd7 22. Rd2 Ne7 23. Nh4 Nxf5 24. Nhxf5 Kh8 25. Rad1 Bc5 26. a3 Rg8 27. h3 Rg5 28. Qf3 Bxf5 29. Rxd5 Qe6 30. Rxc5 e4 31. Qf4 Bg6 32. Rd8+ Kg7 33.
Rxg5 fxg5 34. Qxg5 e3 35. Qxe3 Qxe3 36. fxe3 Rc7 37.
Ne2 b4 38. axb4 a5 39. bxa5 Ra7 40. b4 Rc7 41. Kf2 Rf7+ 42. Ke1 Re7 43. Kd2 h5 44. Nf4 Bf5 45. b5 h4 46. b6 Be4 47. Rd4 Bb7 48.
Rc4 Re5 49. Rc7+ Kf6 50. Rxb7 Rxa5 51. Rc7 Rb5 52. b7 Kf5 53. c4 Rb2+ 54. Kc3 Rb1 55. Kc2 Rb4 56. c5 Ke4 57. c6 Kxe3 58. Rc8 Kxf4 59.
b8=Q+ 1-0

[Event "*** Titled Tuesday Blitz"]
[Site "Chess.com"]
[Date "2020.04.28"]
[Round "1"]
[White "Eliwood44"]
[Black "Savagelittlemole"]
[Result "1/2-1/2"]
[WhiteElo "2310"]
[BlackElo "2612"]
[TimeControl "180+1"]
[EndTime "10:07:58 PDT"]
[Termination "Game drawn - insufficient material"]

1. d4 Nf6 2. Nf3 g6 3. Nc3 d5 4. Bf4 Bg7 5. Nb5 Na6 6. e3 O-O 7. Be2 c6 8. Nc3 Nh5 9. Be5 f6 10. Bg3 e5 11. O-O e4 12. Nd2 Nxg3 13. hxg3 Nc7 14. Na4 Ne6 15. c4 f5 16. Rc1 g5 17.
Qb3 Kh8 18. cxd5 cxd5 19. Nc5 Nxc5 20. Rxc5 Be6 21. Rfc1 f4 22. Nxe4 fxe3 23. fxe3 b6 24. Rc7 Rc8 25. Rxc8 Bxc8 26. Nc3 Qe8 27. Nxd5 Be6 28.
Nc7 Bxb3 29. Nxe8 Rxe8 30. axb3 Bxd4 31. exd4 Rxe2 32. Rc8+ Kg7 33. Rc7+ Kg6 34. Rxa7 Rxb2 35. d5 Rxb3 36. d6 Rxg3 37. Rb7 Rd3 38. Rxb6 h5 39. Kf2 Kf5 40. Ke2 Rd5 41. Ke3 h4 42. Ra6 g4 43. Rb6 h3 44. gxh3 gxh3 45. Kf2 Rd3 46. d7 Rxd7 47. Rb3 Rd2+ 48. Kg1 h2+ 49. Kh1 Kg4 50.
Rb4+ Kf3 51. Rb3+ Ke4 52. Rb4+ Kd3 53. Rb3+ Kc2 54. Rh3 Kd1 55. Rxh2 Rxh2+ 56. Kxh2 1/2-1/2

[Event "*** Titled Tuesday Blitz"]
[Site "Chess.com"]
[Date "2020.04.28"]
[Round "1"]
[White "avantage_ru"]
[Black "APOKALIPSA13"]
[Result "1-0"]
[WhiteElo "2604"]
[BlackElo "2239"]
[TimeControl "180+1"]
[EndTime "10:07:58 PDT"]
[Termination "avantage_ru won by resignation"]

1. e4 d6 2. d4 Nf6 3. Nc3 g6 4. Be3 Bg7 5. Qd2 O-O 6. f3 b6 7.
O-O-O Bb7 8. Bh6 Nc6 9. h4 e5 10.
d5 Nd4 11. Nge2 Nxe2+ 12. Bxe2 Nh5 13. Bc4 f5 14. Bxg7 Kxg7 15. exf5 gxf5 16. g4 fxg4 17.
fxg4 Nf4 18. Ne4 Bc8 19. g5 Bf5 20. Nf6 Kh8 21. Rhf1 Rxf6 22. gxf6 Qxf6 23. Rg1 Rf8 24. a3 Bg6 25. Rdf1 Qxh4 26. Rh1 Qg5 27. Kb1 Rf6 28.
Qh2 Qf5 29. Rf2 Qg5 30. Ka1 Rf5 31. Ba2 Qf6 32. c3 Rh5 33. Qg1 Rg5 34. Qf1 Rf5 35. Bb1 Rg5 36. Bxg6 Qxg6 37. Rfh2 h5 38. Qf3 Kg7 39. Qf1 Kh6 40. Qc4 Qf5 41. Qxc7 Qg6 42. Qxa7 Rg1+ 43. Ka2 Rxh1 44. Rxh1 Qg2 45. Rd1 Qc2 46. Rb1 Nd3 47. Qxb6 Nc1+ 48. Rxc1 Qxc1 49. Qxd6+ Kg5 50. Qxe5+ Kg4 51. d6 h4 52. Qe6+ Kg3 53. d7 Qd2 54. Qe5+ Kg2 55. Qd4 Qxd4 56. cxd4 1-0

[Event "*** Titled Tuesday Blitz"]
[Site "Chess.com"]
[Date "2020.04.28"]
[Round "1"]
[White "FedaMaster"]
[Black "EfM13"]
[Result "1-0"]
[WhiteElo "2591"]
[BlackElo "2253"]
[TimeControl "180+1"]
[EndTime "10:07:58 PDT"]
[Termination "FedaMaster won on time"]

1. e4 g6 2. d4 Bg7 3. Nc3 d6 4. f4 Nd7 5. Nf3 c5 6. Be3 cxd4 7.
Bxd4 Ngf6 8. e5 Nh5 9. exd6 O-O 10. Bxg7 Nxg7 11. Qd2 Nf5 12. dxe7 Qxe7+ 13. Be2 Ne3 14. Kf2 Re8 15. Rhe1 Qc5 16. Qd4 Nxc2 17. Qxc5 Nxc5 18. Rec1 Nxa1 19. Rxa1 Bf5 20. Bb5 Re6 21. Nd4 Ne4+ 22. Kg1 Nxc3 23. bxc3 Rf6 24. h3 h5 25. Rf1 a6 26.
Ba4 b5 27. Bb3 Rc8 28. Rf3 Kg7 29. Re3 Rc7 30. Kf2 Rd6 31. Kg3 Kf6 32. Nf3 Rdc6 33. Kf2 Rxc3 34. Re1 a5 35. Ne5 a4 36. Bd1 b4 37. Bf3 b3 38. Bd5 Rc2+ 39. Kg3 bxa2 40.
Ra1 R7c3+ 41. Kh2 Rc1 42. Rxa2 a3 43. Bxf7 Be6 44. Bxe6 Kxe6 45. Nf3 R1c2 46. Nd4+ Kd5 47. Nxc2 1-0

[Event "*** Titled Tuesday Blitz"]
[Site "Chess.com"]
[Date "2020.04.28"]
[Round "1"]
[White "Karacsonyi_Gellert"]
[Black "annacramling"]
[Result "0-1"]
[WhiteElo "2463"]
[BlackElo "1932"]
[TimeControl "180+1"]
[EndTime "10:07:58 PDT"]
[Termination "annacramling won by resignation"]

1. e4 c5 2. Nf3 a6 3. d4 cxd4 4. Nxd4 Nf6 5. Nc3 e5 6. Nf3 Bb4 7. Bd3 Nc6 8. O-O O-O 9. Bg5 Bxc3 10. bxc3 h6 11. Bh4 d6 12. Qd2 Bg4 13. h3 Bxf3 14.
gxf3 Rc8 15. Bxf6 Qxf6 16. Qe3 Ne7 17. Rab1 Ng6 18. Kh2 Nf4 19. Rg1 Qh4 20. Bf1 b5 21. Rg4 Qd8 22. Rd1 Qc7 23. c4 bxc4 24. Be2 Qc5 25.
Qxc5 Rxc5 26. Bf1 Rd8 27. Rb1 Rb5 28. Rd1 Rb2 29. Bxc4 Rxc2 30. Bb3 Rxf2+ 31. Kg1 Nxh3+ 32. Kh1 Rb2 33. Rc1 Nf2+ 34. Kg1 Nxg4 35. fxg4 Re2 36. Rc7 Rxe4 37. Rxf7 Rxg4+ 38. Kh2 Kh8 39. Kh3 Rd4 40. Ra7 e4 41. Rxa6 Rd3+ 42. Kg4 d5 43. Ra7 e3 44. Kf3 Rc3 45. Bd1 d4 46. Ke4 Rc1 47. Be2 Kh7 48.
Bd3 Kg8 49. Kf3 Kh8 50. Kg4 Rg1+ 51. Kf5 Rg2 52. Be4 Rf2+ 53. Kg6 e2 54. Rxg7 Rd6+ 55. Kh5 Kxg7 56. Bd3 e1=Q 57. Kh4 Qh1+ 0-1

[Event "*** Titled Tuesday Blitz"]
[Site "Chess.com"]
[Date "2020.04.28"]
[Round "1"]
[White "XiaoKangZhong"]
[Black "VincentKeymer"]
[Result "0-1"]
[WhiteElo "2382"]
[BlackElo "2720"]
[TimeControl "180+1"]
[EndTime "10:07:59 PDT"]
[Termination "VincentKeymer won by checkmate"]

1. e4 c5 2. c3 Nf6 3. e5 Nd5 4.
d4 cxd4 5. cxd4 d6 6. Nf3 Nc6 7.
Bc4 dxe5 8. dxe5 Ndb4 9. O-O Qxd1 10. Rxd1 Nc2 11. Na3 Nxa1 12. Nb5 Bd7 13. Nc7+ Kd8 14. Nxa8 Kc8 15. Bf4 e6 16. Rxa1 Kb8 17. Ng5 Be7 18. Rd1 Be8 19. Ne4 Kxa8 20. Nd6 Kb8 21. Bb5 a6 22.
Nxe8 Rxe8 23. Bxc6 bxc6 24. Kf1 Kc7 25. Ke2 Rb8 26.
b3 Rb5 27. Bg3 Ra5 28. Rd2 Bb4 29. Rc2 Rd5 30. f4 h5 31. Bf2 g6 32. Be3 Be7 33.
Rc4 Ra5 34. Rc2 Kb7 35. Kd3 Rd5+ 36. Ke2 c5 37. Rc4 a5 38. Ra4 Kb6 39. Bd2 c4 40.
bxc4 Rd4 41. Be3 Bc5 42. Bxd4 Bxd4 43. Kd3 Bc5 44. Ke4 Ka6 45. Kd3 Kb6 46. Kc3 Ka6 47. a3 Kb6 48. Rb4+ axb4+ 49. axb4 Bg1 50. h3 Bh2 51.
Kd4 Bxf4 52. Ke4 Bd2 53. b5 Kc5 54. Kd3 Ba5 55. g4 Bc7 56. gxh5 gxh5 57. Ke4 Kxc4 58. b6 Bxb6 59. Kf4 Kd5 60. Kg5 Kxe5 61. Kxh5 f5 62. h4 f4 63. Kg4 Ke4 64. h5 Bd4 65. h6 f3 66. Kg5 f2 67. Kg6 f1=Q 68. Kh7 Qf7# 0-1

[Event "*** Titled Tuesday Blitz"]
[Site "Chess.com"]
[Date "2020.04.28"]
[Round "1"]
[White "ajdemipopushi"]
[Black "eldur16"]
[Result "1-0"]
[WhiteElo "2284"]
[BlackElo "2583"]
[TimeControl "180+1"]
[EndTime "10:07:59 PDT"]
[Termination "ajdemipopushi won on time"]

1. Nf3 g6 2. g3 Bg7 3. d4 b5 4. Bg2 Bb7 5. Na3 a6 6. O-O Nf6 7. c4 b4 8. Nc2 a5 9. b3 O-O 10. a3 Na6 11. axb4 axb4 12. Bb2 e6 13. Re1 Qe7 14. e3 Rfb8 15. Nd2 Bxg2 16. Kxg2 d5 17. Qf3 c6 18. Ra4 Nc7 19. Rea1 Rxa4 20. Rxa4 Nd7 21. e4 c5 22. exd5 exd5 23. Ra7 Qd6 24. cxd5 Nxd5 25. Nc4 Qe6 26. dxc5 Bxb2 27. Nxb2 Nxc5 28.
Nc4 Rf8 29. Nd4 Qe4 30. Qxe4 Nxe4 31. Ra5 Ndc3 32. Ne3 Rd8 33. Nec2 h5 34. Ra7 Nd2 35. Rb7 Nd5 36. Rb5 Kf8 37. Nxb4 Nxb4 38. Rxb4 Ne4 39.
f3 Nc3 40. Rc4 Nd5 41. Kf2 Ra8 42. f4 Ra1 43. Rc5 Nf6 44. b4 Rb1 45. b5 Rb2+ 46. Kf3 Ng4 47. h3 Nf6 48. g4 hxg4+ 49. hxg4 Rb4 50. g5 1-0

[Event "*** Titled Tuesday Blitz"]
[Site "Chess.com"]
[Date "2020.04.28"]
[Round "1"]
[White "AnonymusDonkey"]
[Black "AtabayevSaparmyrat"]
[Result "0-1"]
[WhiteElo "2349"]
[BlackElo "2686"]
[TimeControl "180+1"]
[EndTime "10:08:00 PDT"]
[Termination "AtabayevSaparmyrat won by resignation"]

1. e4 c5 2. Nf3 d6 3. d4 cxd4 4.
Nxd4 Nf6 5. Nc3 a6 6. Bd3 e5 7.
Nde2 Be7 8. O-O O-O 9. Ng3 Nbd7 10. Nf5 Nc5 11. Nxe7+ Qxe7 12. Bg5 Be6 13. Qf3 Nxd3 14.
Qxd3 Rac8 15. Rfd1 Rfd8 16. Rac1 h6 17. Bxf6 Qxf6 18. Nd5 Bxd5 19. Qxd5 Qe7 20. c3 Rd7 21. Rd3 Qe6 22. Rcd1 Rc6 23. f3 Kf8 24. R1d2 Ke7 25. Qxe6+ fxe6 26. Kf2 b5 27. Rd1 Rc8 28. Ra1 Rb8 29.
Rad1 a5 30. R1d2 a4 31. b3 axb3 32. axb3 Ra8 33. h4 Ra3 34. b4 Ra6 35. Ke1 Rc7 36. Kd1 Rcc6 37. Ke2 Ra3 38. h5 Raxc3 39. Ra2 Rc2+ 40. Rd2 Rxa2 41. Rxa2 Rc4 42. Ra7+ Kf6 43. Rd7 Rd4 44. Ke3 d5 45. g3 dxe4 46. fxe4 Rxd7 0-1